Match 47350676
Unlisted

Match 47350676
End
Engineer Squad
Selects Armored Battlegroup
Selects Veteran Crews
Construct Barracks
1⁄4-ton 4x4 Truck
Riflemen Squad
Riflemen Squad
Construct Medical Station
Riflemen Squad
Mechanized Support Center
Grenade Package
Construct Motor Pool
Selects M31 Recovery Vehicle
M1918 Browning Automatic Rifles
Selects M31 Recovery Vehicle
M8 Greyhound Armored Car
Riflemen Squad
Selects War Machine
Riflemen Squad
Designate Forward Repair Station
Construct Tank Depot
Selects Strength in Steel
M4A1 Sherman Medium Tank
Selects Seek and Destroy
Selects UNKNOWN (2160077)
M4A3E8 Sherman Easy Eight
Improvised Armor
Riflemen Squad
M1 Anti-tank Gun Team
M4A3E8 Sherman Easy Eight
M4A1 76mm Conversion
Designate Forward Repair Station
M4A3E8 Sherman Easy Eight
M4A3E8 Sherman Easy Eight
Designate Forward Repair Station
ZoOMeeq
AnyMany
『BlackBear』
Proud Racist
0
0

Comments sign in to comment!

No comments posted yet!